 Dungeon Crawl Stone Soup version 0.32-a0-837-g8d3e27d251 (webtiles) character file.

Game seed: 2706678291456102190

28 Essalna the Digger (level 3, 24/24 HPs)
             Began as a Demonspawn Earth Elementalist on Mar 26, 2024.
             Got out of the dungeon alive.
             The game lasted 00:01:20 (732 turns).

Essalna the Digger (Demonspawn Earth Elementalist)   Turns: 732, Time: 00:01:21

Health: 24/24      AC:  4    Str:  8    XL:     3   Next: 0%
Magic:  4/6        EV: 11    Int: 17    God:
Gold:   34         SH:  4    Dex: 13    Spells: 6/7 levels left

rFire   . . .        (no weapon)
rCold   . . .        (no shield)
rNeg    . . .        a - +0 robe
rPois   .            (helmet restricted)
rElec   .            (no cloak)
rCorr   .            f - +0 pair of gloves
SInv    .            d - +0 pair of boots
Will    .....        (no amulet)
Stlth   ++           (no ring)
HPRegen 0.24/turn    (no ring)
MPRegen 0.10/turn

%: no passive effects
@: no status effects
A: horns 1, large bone plates 1
a: no special abilities


You escaped.
You visited 1 branch of the dungeon, and saw 2 of its levels.

You collected 34 gold pieces.

Inventory:

Armour
 a - a +0 robe (worn)
 d - a +0 pair of boots (worn)
 f - a +0 pair of gloves (worn)
Scrolls
 c - a scroll of identify {unknown}
 g - 2 scrolls of fog {unknown}
Potions
 b - 2 potions of magic
 e - a potion of degeneration {unknown}
 h - a potion of lignification {unknown}
 i - a potion of heal wounds {unknown}
 j - a potion of haste {unknown}


   Skills:
 - Level 1.7 Dodging
 - Level 1.7 Stealth
 + Level 2.5 Spellcasting
 + Level 1.8 Conjurations
 + Level 3.1 Earth Magic


You had 6 spell levels left.
You knew the following spells:

 Your Spells              Type           Power      Damage    Failure   Level
a - Sandblast             Erth           24%        2d8       4%          1

Your spell library contained the following spells:

 Spells                   Type           Power      Damage    Failure   Level
 Passwall                 Erth           12%        N/A       16%         3
 Stone Arrow              Conj/Erth      20%        3d8       21%         3
 Brom's Barrelling Bould  Conj/Erth      10%        2d3       54%         4
 Petrify                  Alch/Erth      7%         N/A       67%         4


Dungeon Overview and Level Annotations

Branches:
Dungeon (2/15)

Altars:


Innate Abilities, Weirdness & Mutations

You have a pair of small horns on your head.
You are partially covered in large bone plates. (SH +4)


Message History

You see here a +0 short sword.
There is a stone staircase leading down here.
You climb downwards.
Found a scroll labelled JAIHAIPP ZOPU and a long sword.
Found a stone staircase leading down.
There is a stone staircase leading up here.
g - 2 scrolls labelled JAIHAIPP ZOPU (gained 1)
j - a green potion Key pressed, stopping explore.
Key pressed, stopping explore.
A goblin comes into view. It is wielding a +0 club.
The goblin shouts!
You hear a shout!
A goblin is nearby!
The blast of sand misses the goblin.
The blast of sand misses the goblin.
The goblin hits you but does no damage.
A rat comes into view.
You block the goblin's attack.
The blast of sand hits the goblin!
You kill the goblin!
An endoplasm comes into view.
The blast of sand hits the rat.
You kill the rat!
A goblin comes into view. It is wielding a +0 club.
The blast of sand hits the goblin!
You kill the goblin!
You have reached level 3!
Your experience leads to an increase in your attributes!
Increase (S)trength, (I)ntelligence, or (D)exterity?
You feel clever. x2; Your demonic ancestry asserts itself...
A pair of horns grows on your head!
There is a stone staircase leading up here.
You climb upwards.
There is a stone staircase leading down here.
You see here a +0 club.
You see here a rat skeleton.
There is a staircase leading out of the dungeon here.
Key pressed, stopping travel.
You can't go down here!
Unknown command.
You have escaped!

##.....#
#........##.
#.....#
#........##.
#######
###........##.
#.รท......^.###
##.##########
#..# #####.##
#.....# #>@####
####


There were no monsters in sight!

Vanquished Creatures
  A dart slug (D:1)
  3 ball pythons (D:1)
  An endoplasm (D:1)
  A giant cockroach (D:1)
  2 hobgoblins (D:1)
  3 kobolds (D:1)
  2 bats (D:1)
  A frilled lizard (D:1)
  6 goblins
  5 rats
25 creatures vanquished.

Notes
Turn   | Place    | Note
-------+----------+-------------------------------------------
     0 | D:1      | Essalna the Demonspawn Earth Elementalist began the quest
                  | for the Orb.
     0 | D:1      | Reached XP level 1. HP: 13/13 MP: 3/3
   176 | D:1      | Gained mutation: You are partially covered in large bone
                  | plates. (SH +4) [demonic ancestry]
   176 | D:1      | Reached XP level 2. HP: 19/19 MP: 0/5
   312 | D:1      | Reached skill level 3 in Earth Magic
   696 | D:2      | Gained mutation: You have a pair of small horns on your
                  | head. [demonic ancestry]
   696 | D:2      | Reached XP level 3. HP: 24/24 MP: 0/6
   732 | D:$      | Got out of the dungeon alive.

Illustrated notes

Levels and vault maps discovered:
D:1:      dpeg_arrival_tiny_a, layout_rooms, minmay_misc_feat_more_columns
D:2:      layout_basic, basic_altar, minmay_circled_x, uniq_jessica

Skill      XL: |  1  2 |
---------------+-------+-----
Earth Magic    | 3 |  3.1
Dodging        | |  1.7
Stealth        | |  1.7
Spellcasting   | |  2.5
Conjurations   | |  1.8

Action                     || total
---------------------------++-------
  Melee: Unarmed           ||    39
         Punch             ||     1
   Cast: Sandblast         ||    29
 Armour: Robe              ||    20
  Dodge: Dodged            ||    22
  Block: Other             ||    12

Table legend: (Time is in decaauts)
 A = Elapsed time spent in this place.
 B = Non-inter-level travel time spent in this place.
 C = Inter-level travel time spent in this place.
 D = Time resting spent in this place.
 E = Time spent auto-exploring this place.
 F = Levels seen in this place.
 G = Mean time per level.
                   A        B        C        D        E       F      G
               +--------+--------+--------+--------+--------+-----+--------+
         Total |    746 |    664 |     82 |      0 |    497 |   2 |  373.0 |
       Dungeon |    746 |    664 |     82 |      0 |    497 |   2 |  373.0 |
               +--------+--------+--------+--------+--------+-----+--------+

Top non-repeatable levels by time:
     D:1: 694 daAuts
     D:2: 52 daAuts
